cohdb
Replays
Latest Replays
All Replays
Popular Replays
Top Player Replays
Match Explorer
How It Works
Community
CoH3 Stats
Reddit
Sign in to upload your games and track your stats! →
Sign in with Steam
Match 47398488
Unlisted
Match 47398488
Overview
Messages
Build Orders
End
Royal Engineer Section
Construct Section Command Post
Selects Air and Sea Battlegroup
Dingo Light Scout Car
Infantry Section
Infantry Section
Infantry Section
Selects Supply Surplus
Construct Platoon Command Post
Humber Armored Car
6-pounder Anti-tank Gun Team
Infantry Training
Grenade Package
Vickers Machine Gun Team
Selects Commando Section Paradrop
Selects UNKNOWN (223837)
Mechfruit
Rangefinder
Aurelius
Phan
kamacura
Green Sea Squash
0
0
Comments
sign in to comment!
No comments posted yet!